Map: Eastwatch LE

Players

ProbeRush - Winner!

  • Race: Protoss Protoss
  • League: Silver
  • Spawn Location: 1:00

CiceroLuxDre

  • Race: Terran Terran
  • League: Gold
  • Spawn Location: 7:00

VOD

Have the link to the VOD?

Description

Protoss cheese win. Without base.

Time

  • Played on: April 1, 2018, 7:11 a.m.
  • Length: 9:36
Show
View Real Time Build Order
Export as new Build Order

ProbeRush Protoss - Winner!

Build Orders: Nexus First 

Get SALT Encoding   

  12  0:00  Probe  
  13  0:13  Probe (Chrono Boost)  
  15  0:22  Probe (Chrono Boost)  
  15  0:51  Nexus  
  15  2:23  Pylon  
  15  2:41  Pylon, Probe  
  15  2:44  Gateway  
  16  2:45  Gateway  
  16  2:50  Assimilator  
  16  2:53  Probe  
  17  3:02  Gateway  
  17  3:10  Gateway  
  17  3:15  Probe  
  17  3:17  Assimilator  
  18  3:29  Probe  
  19  3:34  Cybernetics Core  
  19  3:41  Probe  
  20  3:52  Zealot x2  
  20  3:53  Zealot  
  26  3:59  Pylon  
  26  4:15  Zealot  
  28  4:20  Robotics Facility  
  28  4:42  Nexus  
  28  4:52  Probe  
  29  5:00  Warp Gate (Chrono Boost)  
  29  5:04  Probe  
  30  5:14  Warp Prism  
  30  5:16  Probe  
  33  5:25  Zealot  
  33  5:27  Zealot  
  37  5:46  Zealot  
  39  5:53  Pylon  
  39  5:54  Zealot  
  35  6:09  Zealot x2  
  31  6:42  Warp Prism  
  31  6:51  Probe  
  30  6:55  Gateway x2  
  30  7:03  Gateway, Probe (Chrono Boost)  
  30  7:06  Pylon, Twilight Council  
  30  7:07  Nexus  
  30  7:08  Pylon  
  31  7:11  Stalker  
  31  7:12  Stalker  
  31  7:14  Probe (Chrono Boost)  
  36  7:16  Zealot  
  36  7:17  Zealot  
  36  7:18  Observer  
  36  7:19  Probe (Chrono Boost)  
  42  7:29  Probe  
  39  7:46  Zealot x4  
  47  8:00  Assimilator  
  47  8:04  Warp Prism  
  49  8:36  Zealot  
  49  8:37  Zealot x6  
  63  8:57  Stalker x2  
  63  8:58  Stalker, Zealot x2  
  63  8:59  Zealot  
  55  9:31  Stalker x3  
  55  9:32  Stalker  
Show
View Real Time Build Order
Export as new Build Order

CiceroLuxDre Terran 

Build Orders:  

Get SALT Encoding   

  12  0:09  SCV  
  13  0:21  SCV  
  14  0:23  Supply Depot  
  14  0:33  SCV  
  15  0:45  SCV, Supply Depot  
  16  0:57  SCV  
  16  1:03  Barracks  
  17  1:09  SCV  
  18  1:20  Supply Depot  
  18  1:21  SCV  
  19  1:33  SCV  
  20  1:45  SCV  
  21  1:55  Marine  
  21  1:57  SCV  
  21  2:00  Supply Depot  
  23  2:06  Refinery  
  23  2:10  SCV  
  23  2:13  Marine  
  25  2:22  SCV  
  26  2:24  Refinery  
  26  2:30  Marine  
  26  2:32  Supply Depot  
  26  2:34  SCV  
  28  2:46  SCV  
  28  2:48  Marine  
  30  2:58  SCV  
  31  3:00  Command Center  
  31  3:06  Marine  
  31  3:10  SCV  
  33  3:16  Factory  
  33  3:24  Barracks, Marine  
  34  3:28  Barracks  
  35  3:52  Barracks Reactor  
  34  4:00  Engineering Bay  
  34  4:02  Engineering Bay  
  34  4:03  Factory Reactor  
  34  4:09  Factory  
  34  4:10  Orbital Command  
  34  4:13  Barracks Tech Lab  
  34  4:17  SCV  
  35  4:29  SCV  
  36  4:33  Sensor Tower  
  36  4:41  SCV  
  36  4:43  Marine  
  36  4:44  Marine  
  39  4:48  Barracks Reactor  
  39  4:53  SCV  
  40  5:01  Marine x2  
  40  5:05  SCV  
  43  5:09  Command Center  
  43  5:17  SCV  
  43  5:19  Marine x2  
  46  5:26  Stimpack  
  46  5:27  Marine x2  
  48  5:37  Marine x2  
  50  5:55  Marine  
  43  6:23  SCV  
  43  6:30  SCV  
  43  6:35  SCV  
  43  6:41  Marine x2  
  43  6:42  SCV  
  43  6:44  Factory Tech Lab  
  46  6:47  SCV  
  46  6:48  SCV  
  48  6:54  SCV  
  48  6:59  SCV, Marine x2  
  48  7:00  SCV  
  48  7:01  Terran Infantry Weapons Level 1  
  53  7:02  Terran Infantry Armor Level 1  
  53  7:05  Widow Mine x2  
  53  7:06  SCV  
  58  7:12  Marauder, SCV  
  58  7:13  SCV  
  62  7:17  Marine x2  
  62  7:18  Barracks, SCV  
  65  7:24  SCV  
  65  7:25  SCV  
  65  7:26  Widow Mine  
  65  7:27  Widow Mine  
  71  7:34  Marauder, Marine x2  
  71  7:36  SCV  
  74  7:37  SCV  
  75  7:46  Armory  
  75  7:48  Widow Mine, SCV  
  75  7:49  SCV  
  75  7:50  Armory  
  79  7:52  Factory  
  79  7:55  Marauder  
  81  8:00  SCV  
  81  8:01  SCV  
  76  8:10  Starport  
  72  8:13  Starport, SCV  
  72  8:17  Marauder  
  75  8:25  SCV  
  67  8:37  SCV  
  67  8:38  Missile Turret  
  68  8:46  Missile Turret  
  68  8:49  SCV  
  68  8:52  Thor  
  73  8:59  Missile Turret  
  73  9:01  SCV  
  69  9:07  Missile Turret  
  63  9:14  SCV  
  58  9:27  Missile Turret  
Tags
 
Matchup
PvT
Spawn Locations
Cross Positions
Strategy
Cheese
Add a new tag
Caveats
  • Supply blocks, unpowered buildings, or Contaminate may cause inaccurate times.
  • Supply counts are checked every 10 seconds.